 Dungeon Crawl Stone Soup version 0.30.1-11-g7821555f0a (webtiles) character file.

Game seed: 13843034243422790367

109 Nonny the Trooper (level 4, 0/38 HPs)
             Began as a Demonspawn Cinder Acolyte on Oct 28, 2023.
             Was a High Priest of Ignis.
             Slain by a gnoll
             ... wielding a +0 halberd
              (15 damage)
             ... on level 2 of the Dungeon.
             The game lasted 00:04:34 (1883 turns).

Nonny the Trooper (Demonspawn Cinder Acolyte)       Turns: 1883, Time: 00:04:35

Health: 0/38       AC:  6    Str: 17    XL:     4   Next: 59%
Magic:  5/5        EV: 10    Int: 15    God:    Ignis [*****.]
Gold:   107        SH:  0    Dex:  8    Spells: 3/5 levels left

rFire   + .          .
                       - Unarmed
rCold   . . .        (no shield)
rNeg    . . .        m - +0 ring mail
rPois   .            f - +0 helmet
rElec   .            (no cloak)
rCorr   .            (no gloves)
SInv    .            (no boots)
Will    .....        (no amulet) Stlth
                     (no ring)
HPRegen 0.26/turn    (no ring)
MPRegen 0.09/turn

%: no passive effects
@: no status effects
A: demonic touch 1
a: Renounce Religion, Fiery Armour, Foxfire Swarm, Rising Flame


You were on level 2 of the Dungeon.
You worshipped Ignis.
Ignis was extremely pleased with you.
You visited 1 branch of the dungeon, and saw 2 of its levels.

You collected 107 gold pieces.

Inventory:

Armour
 f - a +0 helmet (worn)
 m - a +0 ring mail (worn)
Wands
 d - a wand of mindburst (20)
Scrolls
 b - a scroll of poison {unknown}
 c - 2 scrolls of blinking {unknown}
 e - a scroll of magic mapping {unknown}
 g - 2 scrolls of fog
 h - a scroll of teleportation {unknown}
 k - a scroll of amnesia {unknown}
Potions
 i - a potion of mutation
 j - a potion of flight {unknown}
 l - a potion of heal wounds


   Skills:
 + Level 4.4 Fighting
 + Level 1.3 Dodging
 + Level 3.5 Unarmed Combat
 - Level 1.0 Spellcasting
 - Level 2.6 Fire Magic


You had 3 spell levels left.
You knew the following spells:

 Your Spells              Type           Power      Damage    Failure   Level
a - Scorch                Fire           16%        2d5       22%         2

Your spell library contained the following spells:

 Spells                   Type           Power      Damage    Failure   Level
 Volatile Blastmotes      Fire/Tloc      8%         2d10      61%         3
 Dazzling Flash           Conj/Hex       0%         N/A       80%         3
 Iskenderun's Mystic Bla  Conj/Tloc      0%         2d3       99%         4
 Summon Forest            Summ/Tloc      0%         N/A       100%        5
 Summon Mana Viper        Hex/Summ       0%         N/A       100%        5
 Starburst                Conj/Fire      2%         6d3       100%        6
 Summon Cactus Giant      Summ           0%         N/A       100%        6


Dungeon Overview and Level Annotations

Branches:
Dungeon (2/15)

Altars:

Shops:
D:2 (


Innate Abilities, Weirdness & Mutations

Your touch may inflict minor irresistible damage on your foes.


Message History

You barely miss the adder. Your touch misses the adder.
The adder is severely wounded.
You feel sick. The adder barely misses you.
You miss the adder. Your touch misses the adder.
The adder is severely wounded.
You feel sick. The adder bites you but does no damage.
You hit the adder.
You kill the adder!
You feel sick.
No target in view!
No target in view!
You feel sick.
You feel sick.
You feel sick.
You are no longer poisoned.
A gnoll is nearby!
The gnoll shouts!
You hit the gnoll.
The gnoll is lightly wounded.
You hit the gnoll but do no damage.
The gnoll is lightly wounded.
The gnoll barely misses you.
You barely miss the gnoll.
You touch the gnoll!
You punch the gnoll.
You kill the gnoll!
The gnoll barely misses you.
Things that are here:
a +0 club; a gnoll corpse The gnoll misses you.
You hit the gnoll but do no damage. The gnoll barely misses you.
You punch the gnoll!
The gnoll is severely wounded.
The gnoll hits you with a +0 halberd!
You closely miss the gnoll. Your touch misses the gnoll.
The gnoll is severely wounded.
The gnoll hits you with a +0 halberd!
You are too injured to fight recklessly!
You hit the gnoll.
The gnoll is almost dead.
The gnoll hits you with a +0 halberd!
You die...

#... #....... ##
#.....>. ..# #.......#
#.#####
#....##.###.....######
#.....................
#.....#....####....)..
#....g.....####.......
#....@...#...(........
#....)...#..#.........
#.........#...#.......
###........#..#...<...
#......#.#..#.......
#......#............
####..##..##........
##.##............
#.##.###..##..##


You could see a gnoll.

Vanquished Creatures
  2 gnolls (D:2)
  3 adders (D:2)
  A worm (D:2)
  2 dart slugs
  11 ball pythons
  A bat (D:2)
  5 endoplasms
  3 giant cockroaches
  4 goblins
  4 hobgoblins
  5 jackals (D:2)
  A quokka (D:1)
  2 frilled lizards (D:1)
  5 kobolds (D:2)
  3 rats
52 creatures vanquished.

Notes
Turn   | Place    | Note
-------+----------+-------------------------------------------
     0 | D:1      | Nonny the Demonspawn Cinder Acolyte began the quest for the
                  | Orb.
     0 | D:1      | Reached XP level 1. HP: 18/18 MP: 2/2
   150 | D:1      | Found a faded altar of an unknown god.
   170 | D:1      | Gained mutation: Your touch may inflict minor irresistible
                  | damage on your foes. [demonic ancestry]
   170 | D:1      | Reached XP level 2. HP: 20/24 MP: 3/3
   271 | D:1      | Learned a level 2 spell: Scorch
   608 | D:1      | Reached skill level 4 in Fighting
   931 | D:1      | Starting vault: row of 1x1 walls
   963 | D:2      | Reached XP level 3. HP: 12/30 MP: 4/4
  1184 | D:2      | Reached skill level 1 in Dodging
  1190 | D:2      | Reached XP level 4. HP: 25/37 MP: 5/5
  1459 | D:2      | Found Diataasyts's Antique Weapon Boutique.
  1883 | D:2      | Slain by a gnoll

Illustrated notes

##### #.......#
#.......# #####
#.......# #...#
####'########.#.##
#.............#
###############.#
#.............#.#
#.............#.#
#......@......#.#
#.............#.#
#.............#.#
######.#.######.#
#...# #....# #.#.#
#.####### #...#
#.......#
#.#.###.##..#.#
#...#.......#.#


Turn 931 on D:1: Starting vault: row of 1x1 walls

Levels and vault maps discovered:
D:1:      lemuel_arrival_hallway, layout_basic,
          shapermc_ecumenical_altar_starsandcircs, st_stairs_8
D:2:      layout_rooms, serial_shops, shop, minmay_shallow_snake_nest

Skill      XL: |  1  2  3 |
---------------+----------+-----
Fighting       | 4 |  4.4
Unarmed Combat | 3 |  3.5
Dodging        | 1 |  1.3
Spellcasting   | |  1.0
Fire Magic     | |  2.6

Action                     |  1- 3 |  4- 6 || total
---------------------------+-------+-------++-------
  Melee: Dagger            |    14 |       ||    14
         Unarmed           |    96 |    54 ||   150
         Punch             |     2 |     1 ||     3
         Touch             |    15 |     8 ||    23
    Use: Potion            |     2 |       ||     2
         Scroll            |       |     2 ||     2
   Stab: Sleeping          |     1 |       ||     1
 Armour: Robe              |    15 |     5 ||    20
         Ring mail         |       |    10 ||    10
  Dodge: Dodged            |    60 |    31 ||    91
